AoeStats
← A Wooden Lamp

Lombardia

509555120Analyzed
2v2 RM · 6d ago on Sep 27, 2026· 47m 36s· 4 players
Game mode
Random Map
Map size
Medium (4 player)
Population
200
Speed
Normal
Resources
Standard
Victory
Conquest
Starting age
Dark Age
Ending age
Imperial Age
RankedLock teamsTeams togetherTeam positionsShared explorationLock speedFull tech treeHidden civsTurbo modeCheats
Victory
Defeat
🇦🇺 Ethiopians · Australia
1123
+16
🇦🇺 Magyars · Australia
1066
+18
🇲🇽 Mongols · Mexico
1261
-23
🇨🇴 Spanish · Colombia
964
-35
A Wooden Lamp
6:02 Loom
6:42 Loom
9:31 Feudal Age
11:37 Horse Collar
18:42 Fletching
21:00 Castle Age
21:11 Crossbowman
21:51 Bodkin Arrow
22:34 Double-Bit Axe
23:02 Heavy Plow
23:28 Bow Saw
24:16 Ballistics
27:15 Wheelbarrow
26:46 Gold Mining
30:54 Hand Cart
33:09 Thumb Ring
35:52 Imperial Age
34:21 Scale Mail Armor
35:18 Chain Mail Armor
35:17 Caravan
36:24 Forging
36:49 Bracer
37:53 Chemistry
36:14 Arbalester
38:16 Conscription
44:03 Two-Man Saw
46:10 Caravan
46:28 Siege Engineers
eNF-
6:16 Loom
9:38 Feudal Age
11:56 Double-Bit Axe
23:05 Castle Age
21:12 Horse Collar
22:50 Scale Barding Armor
23:01 Bloodlines
24:01 Husbandry
25:15 Chain Barding Armor
26:07 Wheelbarrow
25:57 Bow Saw
29:42 Wheelbarrow
31:26 Heavy Plow
32:34 Hand Cart
37:47 Imperial Age
36:03 Gold Mining
36:04 Stone Mining
39:29 Plate Barding Armor
38:15 Cavalier
41:35 Paladin
chespi08
3:00 Loom
10:54 Feudal Age
11:25 Double-Bit Axe
11:33 Gold Mining
11:24 Horse Collar
18:37 Castle Age
18:22 Bloodlines
19:22 Husbandry
20:25 Stone Mining
21:14 Stone Mining
23:35 Heavy Plow
28:06 Forging
28:42 Scale Barding Armor
30:35 Bow Saw
32:15 Gold Shaft Mining
33:02 Iron Casting
33:37 Chain Barding Armor
34:58 Wheelbarrow
34:33 Town Watch
35:16 Fletching
35:27 Padded Archer Armor
38:20 Hand Cart
39:16 Stone Shaft Mining
38:48 Bodkin Arrow
39:08 Leather Archer Armor
42:56 Imperial Age
43:59 Conscription
43:03 Elite Steppe Lancer
45:23 Blast Furnace
48:03 Thumb Ring
gl142541
7:08 Loom
7:16 Loom
9:46 Feudal Age
11:07 Double-Bit Axe
19:52 Castle Age
18:07 Stone Mining
19:32 Horse Collar
21:55 Wheelbarrow
25:36 Husbandry
27:13 Fletching
28:26 Bloodlines
32:19 Bodkin Arrow
33:50 Ballistics
35:57 Bow Saw
36:17 Heavy Plow
41:47 Imperial Age
39:36 Hand Cart
42:17 Scale Barding Armor
42:15 Padded Archer Armor
43:09 Conscription
43:00 Gold Mining
44:52 Chemistry
44:10 Elite Conquistador
45:07 Bracer
45:46 Light Cavalry
Connection lost

Rejoining the realm…

Still unreachable

The connection could not be restored.

Session expired

The server has moved on; the page needs a fresh start.